[Event "Early-Titled-Tuesday-Blitz-August-29-2023"]
[Site "Chess.com"]
[Date "2023.08.29"]
[Round "7"]
[White "TosicSrecko"]
[Black "VOneChess"]
[Result "1-0"]
[WhiteElo "2311"]
[BlackElo "2037"]
[TimeControl "180+1"]
[EndTime "9:16:00 PDT"]
[Termination "TosicSrecko won by checkmate"]

1. e4 c5 2. Nf3 d6 3. d4 cxd4 4.
Nxd4 Nf6 5. Nc3 a6 6. g3 b5 7.
Bg2 Bb7 8. O-O e6 9. Re1 Qc7 10. a4 b4 11. Nd5 exd5 12. exd5+ Kd8 13. Qe2 Nbd7 14. Bg5 Kc8 15. Qe8+ Qd8 16. Qxf7 Ne5 17. Rxe5 dxe5 18. Bh3+ Kb8 19. Nc6+ Bxc6 20. dxc6 Ra7 21. Qc4 Be7 22. Be3 Qd5 23. Bxa7+ Kxa7 24. Qe2 Qxc6 25.
Qxe5 Bd6 26. Qe3+ Bc5 27. Qg5 Bxf2+ 28. Kf1 Qc4+ 29. Kg2 Qe4+ 30. Kf1 Qc4+ 31. Kg2 Qe4+ 32. Kf1 Re8 33. Kxf2 Qe2+ 34. Kg1 Ne4 35. Qxg7+ Kb8 36. Qf7 Nd2 37. Bg2 Nc4 38. Qb7# 1-0

[Event "Early-Titled-Tuesday-Blitz-August-29-2023"]
[Site "Chess.com"]
[Date "2023.08.29"]
[Round "7"]
[White "FARIZA2018"]
[Black "Zurability"]
[Result "1-0"]
[WhiteElo "2538"]
[BlackElo "2700"]
[TimeControl "180+1"]
[EndTime "9:16:01 PDT"]
[Termination "FARIZA2018 won by resignation"]

1. e4 e5 2. Nf3 Nc6 3. Bb5 a6 4. Ba4 Nf6 5. O-O Be7 6. Re1 b5 7. Bb3 d6 8. c3 O-O 9. h3 Nb8 10. d4 Nbd7 11. Nbd2 Bb7 12. Bc2 c5 13. d5 c4 14. Nf1 Qc8 15. Ng3 Bd8 16. Nf5 Qb8 17. Be3 Re8 18. Qd2 Bb6 19. Bxb6 Nxb6 20. Qg5 g6 21.
Qxf6 gxf5 22. Ng5 Qc7 23. Qxf5 f6 24. Qxf6 Rf8 25. Qh6 Qe7 26. Re3 Rf6 27. Qh5 Rg6 28. Rg3 Nd7 29. Ne6 Rxg3 30. fxg3 Nf6 31. Qg5+ Kf7 32.
Rf1 Rg8 33. Qf5 Rg6 34. h4 Bc8 35. Ng5+ Kg7 36. Qxc8 h6 37. Ne6+ 1-0

[Event "Early-Titled-Tuesday-Blitz-August-29-2023"]
[Site "Chess.com"]
[Date "2023.08.29"]
[Round "7"]
[White "Verony64"]
[Black "MusicCityMaster"]
[Result "0-1"]
[WhiteElo "2243"]
[BlackElo "2430"]
[TimeControl "180+1"]
[EndTime "9:16:01 PDT"]
[Termination "MusicCityMaster won by resignation"]

1. e4 c5 2. Nc3 d6 3. d3 Nc6 4. g3 g6 5. Bg2 Bg7 6. f4 Bd7 7. Nf3 Qc8 8. O-O h5 9. Be3 Nd4 10. e5 Nf5 11. Bf2 Bc6 12. Ne4 b6 13.
exd6 exd6 14. Re1 Nge7 15. Qe2 O-O 16. Nxd6 Nxd6 17. Qxe7 Nf5 18. Qg5 Bxb2 19. Rab1 Bg7 20. Ne5 Bxg2 21. Kxg2 f6 22. Qxg6 fxe5 23. Rxe5 Qb7+ 24.
Kg1 Qf7 25. Qg5 Rae8 26. Rbe1 Rxe5 27. Rxe5 Nd4 28. Re7 Nf3+ 29. Kg2 Nxg5 0-1

[Event "Early-Titled-Tuesday-Blitz-August-29-2023"]
[Site "Chess.com"]
[Date "2023.08.29"]
[Round "7"]
[White "Fleetw00dMac"]
[Black "parintele_chess"]
[Result "1-0"]
[WhiteElo "2412"]
[BlackElo "2220"]
[TimeControl "180+1"]
[EndTime "9:16:01 PDT"]
[Termination "Fleetw00dMac won by checkmate"]

1. d4 d5 2. c4 e6 3. Nc3 a6 4.
cxd5 exd5 5. Qb3 c5 6. dxc5 d4 7. Na4 Nc6 8. Bd2 Nf6 9. Nb6 Be6 10. Qc2 Rb8 11. Nf3 Be7 12. e3 O-O 13. Bd3 h6 14.
a3 dxe3 15. Bxe3 Nd5 16. Nxd5 Bxd5 17. Bh7+ Kh8 18. Be4 Re8 19. Bxd5 Qxd5 20. O-O Bf6 21. Rad1 Qh5 22. b4 Rbd8 23. h3 Rxd1 24. Rxd1 Be5 25.
Rd7 Bb8 26. Qc4 Ne5 27. Nxe5 Qxe5 28. g3 Qa1+ 29. Kg2 f5 30. Bd4 Qb1 31. Bxg7+ Kh7 32. Bc3+ Kg6 33. Qf7+ Kg5 34. Bf6# 1-0

[Event "Early-Titled-Tuesday-Blitz-August-29-2023"]
[Site "Chess.com"]
[Date "2023.08.29"]
[Round "7"]
[White "KChor05TTV"]
[Black "LionTheLeon_06"]
[Result "0-1"]
[WhiteElo "2593"]
[BlackElo "2781"]
[TimeControl "180+1"]
[EndTime "9:16:02 PDT"]
[Termination "LionTheLeon_06 won by resignation"]

1. e4 e6 2. d4 d5 3. Nd2 dxe4 4. Nxe4 Nd7 5. Nf3 Ngf6 6. Bd3 Nxe4 7. Bxe4 Nf6 8. Bd3 c5 9. O-O cxd4 10. Nxd4 Be7 11. Bb5+ Bd7 12. Qf3 O-O 13. Bg5 Bxb5 14. Nxb5 Qb6 15. c4 a6 16. Be3 Bc5 17. Bxc5 Qxc5 18. Na3 Qb4 19. Qb3 Qxb3 20. axb3 Rfd8 21. Rfd1 Nd7 22. b4 Kf8 23. Rd6 Ne5 24. Rad1 Ke7 25. c5 Rxd6 26. cxd6+ Kd8 27. f4 Nd7 28. Rc1 Rc8 29.
Rxc8+ Kxc8 30. Nc4 b5 31. Ne5 Nxe5 32. fxe5 Kd7 33.
Kf2 f6 34. Ke3 fxe5 35. Ke4 Kxd6 36. b3 h5 37. h4 g6 38. g3 Kd7 39. Kxe5 Ke7 40.
Kd4 Kd6 41. Ke4 e5 0-1

[Event "Early-Titled-Tuesday-Blitz-August-29-2023"]
[Site "Chess.com"]
[Date "2023.08.29"]
[Round "7"]
[White "averageFM"]
[Black "AlejandroArias"]
[Result "1-0"]
[WhiteElo "2520"]
[BlackElo "2326"]
[TimeControl "180+1"]
[EndTime "9:16:07 PDT"]
[Termination "averageFM won on time"]

1. e4 c5 2. Nf3 g6 3. d4 cxd4 4.
Qxd4 Nf6 5. Nc3 Nc6 6. Qa4 d6 7. e5 dxe5 8. Nxe5 Bd7 9. Nxd7 Nxd7 10. Be3 Bg7 11. Rd1 O-O 12. Bb5 Bxc3+ 13. bxc3 Qc7 14. O-O Rac8 15. Bxc6 bxc6 16. Qxa7 Qxa7 17. Bxa7 Ne5 18. Bc5 Nc4 19. Bxe7 Rfe8 20. Rfe1 Kg7 21. Bc5 Rxe1+ 22. Rxe1 Rc7 23. Bd4+ Kf8 24. Bc5+ Kg7 25.
a4 Kf6 26. a5 Rc8 27. a6 Ra8 28. Bd4+ Kf5 29. a7 Nd6 30. Re5+ Kf4 31. Re7 Nb5 32. Be3+ Kf5 33. Rxf7+ Ke6 34. Rxh7 Nxc3 35. Rb7 Nd5 36. Rb8 1-0

[Event "Early-Titled-Tuesday-Blitz-August-29-2023"]
[Site "Chess.com"]
[Date "2023.08.29"]
[Round "7"]
[White "Boundless_Strike"]
[Black "Onthequiet"]
[Result "1-0"]
[WhiteElo "2539"]
[BlackElo "2381"]
[TimeControl "180+1"]
[EndTime "9:16:08 PDT"]
[Termination "Boundless_Strike won by checkmate"]

1. d4 b6 2. e4 Bb7 3. Bg5 Bxe4 4. d5 Nf6 5. Nc3 Bg6 6. h4 h6 7. Bxf6 exf6 8. h5 Bh7 9. Bd3 Bxd3 10. Qxd3 Bd6 11. O-O-O O-O 12. Nge2 a6 13. Nd4 Be5 14. Nf5 Kh8 15. Ne2 a5 16. f4 Bd6 17. g4 Na6 18. Rdg1 Nb4 19. Qf3 Bc5 20. Rg2 c6 21. d6 Nd5 22. Nc3 Nxc3 23. Qxc3 Re8 24. g5 hxg5 25.
Rxg5 Rg8 26. Rg6 Kh7 27. Qg3 Qf8 28. h6 fxg6 29. hxg7# 1-0

[Event "Early-Titled-Tuesday-Blitz-August-29-2023"]
[Site "Chess.com"]
[Date "2023.08.29"]
[Round "7"]
[White "Zampronha1971"]
[Black "scandalgod"]
[Result "0-1"]
[WhiteElo "2275"]
[BlackElo "2509"]
[TimeControl "180+1"]
[EndTime "9:16:08 PDT"]
[Termination "scandalgod won by checkmate"]

1. e4 e5 2. Nf3 Nc6 3. d4 exd4 4. Nxd4 Bc5 5. Be3 Qf6 6. c3 Nge7 7. Bc4 O-O 8. O-O b6 9. Nxc6 Nxc6 10. Bxc5 bxc5 11.
Nd2 Rb8 12. Qc2 Ne5 13. Be2 d5 14. exd5 Bf5 15. Qc1 Rfd8 16. c4 Rxb2 17. Re1 Rc2 18.
Qd1 h6 19. Nb3 Bg6 20. Nxc5 Rb8 21. Rc1 Rbb2 22. Rxc2 Rxc2 23. Rf1 Rxa2 24. f4 Qb6 25. fxe5 Qxc5+ 26. Kh1 Qe3 27. Bf3 Qxe5 28. c5 Kh7 29.
d6 cxd6 30. cxd6 Qb5 31. d7 Rd2 32. Qxd2 Qxf1# 0-1

[Event "Early-Titled-Tuesday-Blitz-August-29-2023"]
[Site "Chess.com"]
[Date "2023.08.29"]
[Round "7"]
[White "ElenaPershina"]
[Black "Maluco_do_Natal_00"]
[Result "1-0"]
[WhiteElo "2373"]
[BlackElo "1934"]
[TimeControl "180+1"]
[EndTime "9:16:08 PDT"]
[Termination "ElenaPershina won on time"]

1. c4 d5 2. cxd5 Qxd5 3. Nc3 Qa5 4. d4 Nf6 5. Bd2 c6 6. e4 Bg4 7.
Be2 Bxe2 8. Ngxe2 Qb6 9. Be3 Qa5 10. O-O e6 11. Qb3 Qb4 12. Rfd1 Nbd7 13. Qc2 Be7 14. a3 Qa5 15. b4 Qh5 16. Nf4 Qh4 17. g3 Qg4 18. h3 Qf3 19. Bc1 g5 20. Rd3 Qxd3 21.
Nxd3 h5 22. Bxg5 Rg8 23. h4 Nh7 24. Bxe7 Kxe7 25. Nf4 Ndf6 26. e5 Nd5 27. Ncxd5+ exd5 28. Qxh7 Rg4 29. Qxh5 Rag8 30. Qf5 1-0

[Event "Early-Titled-Tuesday-Blitz-August-29-2023"]
[Site "Chess.com"]
[Date "2023.08.29"]
[Round "7"]
[White "BogdanDeac"]
[Black "AdvanceGuard4"]
[Result "1-0"]
[WhiteElo "3007"]
[BlackElo "2640"]
[TimeControl "180+1"]
[EndTime "9:16:09 PDT"]
[Termination "BogdanDeac won by checkmate"]

1. b3 e5 2. Bb2 Nc6 3. Nf3 d6 4. c4 g6 5. e3 Bg7 6. d4 Nge7 7.
dxe5 Nxe5 8. Nxe5 Bxe5 9. Nc3 Bf5 10. Qd2 Bg7 11. Be2 O-O 12. O-O-O a5 13. g4 Be6 14.
Ne4 Nc6 15. Bxg7 Kxg7 16. Qc3+ f6 17. g5 Ne5 18. Nxf6 Rxf6 19. gxf6+ Qxf6 20. f4 Ng4 21. Qxf6+ Kxf6 22. Bxg4 Bxg4 23. Rde1 Bf3 24. Rhg1 Be4 25. Kb2 h6 26. h4 h5 27. Kc3 Re8 28. Rg5 Bf5 29.
e4 b6 30. Kd4 Bg4 31. a3 Re7 32. b4 axb4 33. axb4 Re8 34. c5 bxc5+ 35. bxc5 Ra8 36.
cxd6 cxd6 37. e5+ dxe5+ 38. fxe5+ Kf7 39. Rc1 Ra4+ 40. Rc4 Ra1 41. Rc7+ Ke6 42. Rxg6+ Kf5 43. Rf6# 1-0

[Event "Early-Titled-Tuesday-Blitz-August-29-2023"]
[Site "Chess.com"]
[Date "2023.08.29"]
[Round "7"]
[White "joksijoksi"]
[Black "Irina_Mikhaylova"]
[Result "0-1"]
[WhiteElo "2459"]
[BlackElo "2281"]
[TimeControl "180+1"]
[EndTime "9:16:10 PDT"]
[Termination "Irina_Mikhaylova won by resignation"]

1. d4 Nf6 2. c4 g6 3. Nc3 d5 4.
Nf3 Bg7 5. h3 O-O 6. Qb3 dxc4 7.
Qxc4 Na6 8. e4 c5 9. a3 cxd4 10. Qxd4 Qxd4 11. Nxd4 Nxe4 12. Nxe4 Bxd4 13. Bc4 Nc5 14.
Nxc5 Bxc5 15. O-O Bd7 16. Rd1 Rfd8 17. b4 Bd6 18. Bg5 Kg7 19. Be3 Be8 20. Rd2 b6 21. Rad1 Bc7 22. Bd5 Rab8 23. Rc1 Be5 24. f4 Bf6 25. g4 e6 26. Bf3 Rxd2 27. Bxd2 Bd4+ 28. Kg2 Rd8 29. Bc3 Bxc3 30. Rxc3 Bb5 31. Rc7 Rd7 32. Rc8 h6 33. Ra8 Rc7 34. Bd1 Rd7 35. Bf3 Rc7 36.
Bd1 Bc6+ 37. Bf3 Bxa8 38. Bxa8 Rc2+ 39. Kg3 Rc3+ 40. Kf2 Rxa3 0-1

[Event "Early-Titled-Tuesday-Blitz-August-29-2023"]
[Site "Chess.com"]
[Date "2023.08.29"]
[Round "7"]
[White "HElissalt"]
[Black "Chessdreamer2020"]
[Result "1/2-1/2"]
[WhiteElo "2365"]
[BlackElo "2560"]
[TimeControl "180+1"]
[EndTime "9:16:12 PDT"]
[Termination "Game drawn by repetition"]

1. d4 d6 2. e4 Nf6 3. Nc3 c6 4. Be3 e5 5. dxe5 dxe5 6. Qxd8+ Kxd8 7. f3 Be6 8. O-O-O+ Nbd7 9. g4 Kc7 10. g5 Ne8 11. h4 b5 12. Nh3 b4 13. Na4 Nd6 14. Nf2 Nc4 15. Bxc4 Bxc4 16. Rd2 Be7 17. Ng4 Bb5 18. b3 Bxa4 19. bxa4 f6 20. gxf6 gxf6 21. Nh6 Nb6 22. Nf5 Bf8 23. Rhd1 a5 24. Bxb6+ Kxb6 25. Rd7 Bc5 26. Rf7 Raf8 27. Rxf8 Rxf8 28. Rd7 h5 29. Rh7 Rg8 30. Rxh5 Rg1+ 31. Kd2 Rg2+ 32. Kd3 Rf2 33. Rh8 Rxf3+ 34. Kd2 Rf2+ 35. Kd3 Rf3+ 36. Kd2 Rf4 37. Kd3 Rf3+ 1/2-1/2

[Event "Early-Titled-Tuesday-Blitz-August-29-2023"]
[Site "Chess.com"]
[Date "2023.08.29"]
[Round "7"]
[White "vovachesss"]
[Black "Rutricks"]
[Result "0-1"]
[WhiteElo "2786"]
[BlackElo "2630"]
[TimeControl "180+1"]
[EndTime "9:16:16 PDT"]
[Termination "Rutricks won by checkmate"]

1. d4 g6 2. g3 Bg7 3. Bg2 c6 4. Nf3 Nf6 5. O-O O-O 6. Re1 d5 7.
Nbd2 Bf5 8. Nh4 Bg4 9. h3 Be6 10.
c3 Qc8 11. Kh2 c5 12. Nb3 cxd4 13. cxd4 Ne4 14. Be3 Nc6 15. Rc1 Qd8 16. Nf3 Qb6 17. Nfd2 f5 18. Nxe4 fxe4 19. Bxe4 dxe4 20. Nc5 Bd5 21.
Nd7 Qd8 22. Nxf8 Qxf8 23. a3 Qf5 24. Qd2 h5 25. Kg2 Rf8 26. Qc3 Kh7 27. b4 a6 28.
a4 Be6 29. Rh1 Rd8 30. b5 axb5 31. g4 Qd5 32. axb5 Qxb5 33. Rb1 Qxe2 34. Bg5 Bxd4 35. Qg3 Qf3+ 36. Qxf3 exf3+ 37. Kg3 h4+ 38. Kxh4 Bxf2# 0-1

[Event "Early-Titled-Tuesday-Blitz-August-29-2023"]
[Site "Chess.com"]
[Date "2023.08.29"]
[Round "7"]
[White "fabianvivasz"]
[Black "tteshan"]
[Result "0-1"]
[WhiteElo "2435"]
[BlackElo "2580"]
[TimeControl "180+1"]
[EndTime "9:16:21 PDT"]
[Termination "tteshan won by checkmate"]

1. e4 c5 2. Nf3 Nc6 3. d4 cxd4 4.
Nxd4 g6 5. c4 Bg7 6. Nc2 Nf6 7.
Nc3 O-O 8. Be2 d6 9. O-O Be6 10. Be3 Rc8 11. f3 a6 12. Qd2 Re8 13. b3 Qa5 14. Rab1 Nd7 15. b4 Qc7 16. f4 f5 17.
Nd5 Bxd5 18. exd5 Nd8 19. Bd4 Nf6 20. Rbc1 e5 21. dxe6 Nxe6 22. Ba1 Ne4 23. Qe3 Bxa1 24. Nxa1 a5 25. a3 axb4 26. axb4 Ra8 27. Nb3 Ra3 28. Ra1 Rea8 29. Bf3 Qxc4 30. Nd2 Nxd2 31. Rxa3 Qxf1# 0-1

[Event "Early-Titled-Tuesday-Blitz-August-29-2023"]
[Site "Chess.com"]
[Date "2023.08.29"]
[Round "7"]
[White "YellowJacek"]
[Black "dennisodessa"]
[Result "0-1"]
[WhiteElo "2353"]
[BlackElo "2526"]
[TimeControl "180+1"]
[EndTime "9:16:22 PDT"]
[Termination "dennisodessa won by resignation"]

1. d4 Nf6 2. c4 e6 3. g3 Bb4+ 4. Bd2 a5 5. Bg2 O-O 6. Nc3 d5 7.
cxd5 exd5 8. Nf3 c6 9. O-O Bf5 10. Bf4 Re8 11. Ne5 Nbd7 12. a3 Bf8 13. Re1 Nh5 14.
e4 Nxf4 15. exf5 Nxg2 16. Kxg2 f6 17. Nxd7 Qxd7 18. Qg4 b5 19. Re6 Rxe6 20. fxe6 Qc7 21. Re1 Re8 22. f4 g6 23. h4 Qg7 24. h5 f5 25. Qd1 Qf6 26. hxg6 hxg6 27. Qe2 Qxd4 28. Nd1 Qe4+ 29. Kh3 Qxe2 30. Rxe2 Kg7 31. Nf2 Kf6 32.
g4 Rxe6 33. g5+ Kf7 34. Rxe6 Kxe6 35. Kg3 c5 36. Kf3 c4 37. Nd1 d4 38. Nf2 b4 39.
axb4 axb4 40. Nd1 Kd5 41. Nf2 b3 42. Nd1 Bb4 0-1

[Event "Early-Titled-Tuesday-Blitz-August-29-2023"]
[Site "Chess.com"]
[Date "2023.08.29"]
[Round "7"]
[White "cycygogne"]
[Black "ProfessorChess101"]
[Result "0-1"]
[WhiteElo "2236"]
[BlackElo "2424"]
[TimeControl "180+1"]
[EndTime "9:16:23 PDT"]
[Termination "ProfessorChess101 won by resignation"]

1. e4 g6 2. d4 Bg7 3. Nc3 c5 4.
Nf3 cxd4 5. Nxd4 Nc6 6. Be3 Nf6 7. Nxc6 bxc6 8. e5 Nd5 9. Nxd5 cxd5 10. Qxd5 Rb8 11.
Bxa7 Rxb2 12. Bd4 Rxc2 13. Bd3 e6 14. Qa8 Rc6 15. O-O O-O 16. Bb5 Rc2 17. a4 Qh4 18. Qa7 d6 19. Rac1 Rxc1 20. Rxc1 Qe4 21. Bc6 Qf4 22.
Be3 Qxe5 23. a5 d5 24. a6 d4 25. Bd2 Qe2 26. Bf4 Bxa6 27. Bf3 Qb5 28. h4 d3 29. Bd6 Rd8 30. Qe7 Qd7 31. Ra1 Qxd6 0-1

[Event "Early-Titled-Tuesday-Blitz-August-29-2023"]
[Site "Chess.com"]
[Date "2023.08.29"]
[Round "7"]
[White "krzyzan94"]
[Black "vladislavkovalev"]
[Result "1-0"]
[WhiteElo "2794"]
[BlackElo "2911"]
[TimeControl "180+1"]
[EndTime "9:16:24 PDT"]
[Termination "krzyzan94 won by checkmate"]

1. Nf3 Nf6 2. g3 d5 3. Bg2 e6 4.
O-O Be7 5. c4 O-O 6. b3 b6 7. Bb2 Bb7 8. cxd5 Nxd5 9. Nc3 c5 10.
Rc1 Nd7 11. d4 Nxc3 12. Bxc3 Rc8 13. Ba1 Nf6 14. Qd3 Be4 15. Qa6 Rc7 16. Rfd1 Qa8 17. dxc5 Bxc5 18. Bxf6 gxf6 19. b4 Bd6 20. Rxc7 Bxc7 21.
Qc4 Rd8 22. Rxd8+ Bxd8 23. Ne1 Bxg2 24. Nxg2 Qb7 25. Nf4 Qd7 26. Kg2 Be7 27. b5 f5 28.
Nh5 h6 29. Qc3 Qd5+ 30. f3 Kf8 31. Qh8# 1-0

[Event "Early-Titled-Tuesday-Blitz-August-29-2023"]
[Site "Chess.com"]
[Date "2023.08.29"]
[Round "7"]
[White "workhard91"]
[Black "Orujov2008"]
[Result "1-0"]
[WhiteElo "2466"]
[BlackElo "2588"]
[TimeControl "180+1"]
[EndTime "9:16:24 PDT"]
[Termination "workhard91 won by resignation"]

1. e4 e5 2. Nf3 Nf6 3. Nxe5 Nxe4 4. Qe2 Qe7 5. Qxe4 d6 6. d4 dxe5 7. Qxe5 Qxe5+ 8. dxe5 Nc6 9. Nc3 Nxe5 10. Nb5 Bb4+ 11. c3 Ba5 12. Bf4 f6 13. Bxe5 fxe5 14. Na3 Be6 15. Nc4 Bxc4 16. Bxc4 Ke7 17. Bd5 c6 18.
Be4 g6 19. Ke2 Rhf8 20. h4 Rf4 21. f3 Rg8 22. h5 Rg7 23. hxg6 hxg6 24. Rh6 g5 25. g4 Bb6 26. Rd1 Rf6 27. Rh8 Rd6 28. Re8+ Kxe8 29. Rxd6 Ke7 30. Rh6 Bg1 31. Bf5 Kf7 32.
Kd3 Bf2 33. Rh3 Be1 34. Bc8 Kg6 35. Ke4 Bd2 36. Bf5+ Kf6 37. Rh6+ Ke7 38. Re6+ Kd8 39. Rd6+ Kc7 40. Rxd2 1-0

[Event "Early-Titled-Tuesday-Blitz-August-29-2023"]
[Site "Chess.com"]
[Date "2023.08.29"]
[Round "7"]
[White "ExchangeAB"]
[Black "KorolDimitriy75"]
[Result "0-1"]
[WhiteElo "2451"]
[BlackElo "2351"]
[TimeControl "180+1"]
[EndTime "9:16:24 PDT"]
[Termination "KorolDimitriy75 won by resignation"]

1. d4 Nf6 2. Nc3 d5 3. Bf4 g6 4. e3 Bg7 5. h4 h5 6. Nf3 O-O 7. Ne5 c5 8. dxc5 Qa5 9. Qd4 Nfd7 10. b4 Qd8 11. Bg3 Nc6 12. Nxc6 bxc6 13. Qd2 a5 14. Rb1 axb4 15. Rxb4 Qa5 16. Rb3 Nxc5 17. Nd1 Nxb3 18. axb3 Qa2 19. Bd3 e5 20. e4 Rd8 21. Qe2 dxe4 22.
Bc4 Bg4 23. f3 exf3 24. gxf3 Bf5 25. Rh2 Qb1 26. Bd3 Bxd3 27. cxd3 Ra1 0-1

[Event "Early-Titled-Tuesday-Blitz-August-29-2023"]
[Site "Chess.com"]
[Date "2023.08.29"]
[Round "7"]
[White "kidagent"]
[Black "IM_Tissir"]
[Result "1-0"]
[WhiteElo "2283"]
[BlackElo "2477"]
[TimeControl "180+1"]
[EndTime "9:16:24 PDT"]
[Termination "kidagent won by resignation"]

1. e4 c5 2. Nf3 e6 3. d4 cxd4 4. Nxd4 a6 5. Nc3 b5 6. a3 Bb7 7. g3 Nf6 8. Bg2 Qc7 9. O-O Nc6 10. Be3 h5 11. Re1 h4 12. Nxc6 dxc6 13. Bf4 e5 14.
Bg5 hxg3 15. hxg3 Bc5 16. Bxf6 gxf6 17. Qf3 Rh6 18. Rad1 Bc8 19. Rd3 Be6 20. Nd1 Rd8 21. Rxd8+ Qxd8 22. Ne3 Qd2 23. Rd1 Bxe3 24. Rxd2 Bxd2 25.
Qd3 Ba5 26. Qd6 Bd7 27. b4 Bd8 28. Bf1 Rg6 29. c4 f5 30. Qxe5+ Kf8 31. exf5 Rf6 32. cxb5 cxb5 33. Bd3 Rc6 34. Qh8+ Ke7 35. Kg2 Rf6 36. g4 Bc6+ 37. f3 Bc7 38. g5 Rd6 39. Qe5+ Kd8 40. Qh8+ Kd7 41. Be4 Rd2+ 42. Kf1 Bxe4 43. fxe4 1-0

[Event "Early-Titled-Tuesday-Blitz-August-29-2023"]
[Site "Chess.com"]
[Date "2023.08.29"]
[Round "7"]
[White "KejJaj"]
[Black "realburq"]
[Result "1-0"]
[WhiteElo "2174"]
[BlackElo "2386"]
[TimeControl "180+1"]
[EndTime "9:16:24 PDT"]
[Termination "KejJaj won by resignation"]

1. d4 Nf6 2. Bf4 c5 3. d5 d6 4. Nc3 g6 5. e4 Bg7 6. a4 Qa5 7. Qd2 O-O 8. Nf3 Na6 9. h4 Bg4 10. Be2 Nb4 11. O-O Rfe8 12. Nh2 Bxe2 13. Qxe2 Nd7 14.
h5 Qa6 15. Qd2 Ne5 16. hxg6 hxg6 17. b3 Qa5 18. Rac1 Rad8 19. Bh6 Bf6 20. Bg5 Bg7 21.
Bh6 a6 22. f4 Nd7 23. f5 Ne5 24. fxg6 fxg6 25. Bxg7 Kxg7 26. Qg5 Qc7 27. Ne2 Nf7 28. Qg3 e6 29. Nf4 Nh8 30. Nxe6+ Rxe6 31. dxe6 Qe7 32. Nf3 Qxe6 33. Ng5 Qe5 34. Qh4 Qd4+ 35. Kh1 Nf7 36. Qh7+ 1-0

[Event "Early-Titled-Tuesday-Blitz-August-29-2023"]
[Site "Chess.com"]
[Date "2023.08.29"]
[Round "7"]
[White "chess94cu"]
[Black "Aswathchess"]
[Result "1-0"]
[WhiteElo "2714"]
[BlackElo "2514"]
[TimeControl "180+1"]
[EndTime "9:16:25 PDT"]
[Termination "chess94cu won by checkmate"]

1. e4 g6 2. d4 Bg7 3. Nc3 d6 4. f4 a6 5. a4 Nf6 6. Nf3 Bg4 7. h3 Bxf3 8. Qxf3 Nc6 9. Be3 e5 10.
fxe5 dxe5 11. d5 Nd4 12. Qf2 O-O 13. Bd3 c6 14. dxc6 Nxc6 15. O-O Nd4 16. Bg5 Ng4 17.
Qh4 f6 18. Bc1 Qb6 19. Kh1 f5 20. hxg4 fxe4 21. Rxf8+ Rxf8 22. Nxe4 Nxc2 23. Bh6 Ne3 24. Bxg7 Kxg7 25. Qe7+ Rf7 26. Qxe5+ Kg8 27. Ng5 Nxg4 28. Qe8+ Rf8 29. Bc4+ Kg7 30. Ne6+ Kh6 31. Qxf8+ Kh5 32. Qf3 Qd6 33. Qh3# 1-0

[Event "Early-Titled-Tuesday-Blitz-August-29-2023"]
[Site "Chess.com"]
[Date "2023.08.29"]
[Round "7"]
[White "Miguelitro69"]
[Black "viktorgen2021"]
[Result "0-1"]
[WhiteElo "2293"]
[BlackElo "2446"]
[TimeControl "180+1"]
[EndTime "9:16:25 PDT"]
[Termination "viktorgen2021 won by resignation"]

1. e4 d5 2. exd5 Nf6 3. Bb5+ Nbd7 4. c4 a6 5. Ba4 b5 6. cxb5 Nxd5 7. Nf3 N5b6 8. Bb3 axb5 9. O-O e6 10. d4 c5 11. Nc3 c4 12. Bc2 b4 13. Ne4 Bb7 14.
Bf4 Nf6 15. Nc5 Bc6 16. Ne5 Bb5 17. Re1 Nbd5 18. Bg3 Be7 19. Qe2 O-O 20. Nxc4 Nb6 21. Bd3 Bxc4 22. Bxc4 Qxd4 23. Nxe6 Qxc4 24. Nxf8 Bxf8 25.
Qf3 Rxa2 26. Rxa2 Qxa2 27. b3 Qb2 28. h4 Nbd5 29. Be5 Qc2 30. g3 h6 31. Rd1 Bc5 32.
Kg2 Bxf2 33. Rxd5 Nxd5 34. Qxd5 Bd4+ 35. Kh3 Bxe5 36. Qxe5 Qxb3 37. Qe8+ Kh7 38. Qe4+ g6 39. h5 Qe6+ 40. Qxe6 fxe6 41. hxg6+ Kxg6 42. Kg4 b3 0-1

[Event "Early-Titled-Tuesday-Blitz-August-29-2023"]
[Site "Chess.com"]
[Date "2023.08.29"]
[Round "7"]
[White "Sl4werThanYou"]
[Black "M1711"]
[Result "1-0"]
[WhiteElo "2735"]
[BlackElo "2553"]
[TimeControl "180+1"]
[EndTime "9:16:29 PDT"]
[Termination "Sl4werThanYou won on time"]

1. d4 f5 2. Nc3 Nf6 3. Bf4 d6 4.
Qd3 c6 5. O-O-O b5 6. f3 b4 7. Nb1 a5 8. e4 a4 9. Qe3 g6 10. Bc4 Bg7 11. Nh3 d5 12. exd5 Nxd5 13. Qe2 Nxf4 14. Nxf4 Bh6 15. Qe5 Bxf4+ 16. Qxf4 Qd6 17.
Qh6 Nd7 18. Rhe1 Nb6 19. Qg7 Rf8 20. Bg8 Qf6 21. Qxh7 a3 22. b3 Bd7 23. Re5 f4 24. Rde1 O-O-O 25. Bc4 Bf5 26. Rxe7 Rd7 27. Rxd7 Bxd7 28.
Qe7 Qxe7 29. Rxe7 Nxc4 30. bxc4 Rf5 31. Re5 Rxe5 32. dxe5 Be6 33. Nd2 Kb7 34. Kd1 Kb6 35. Ke2 Kc5 36. Kd3 Bf5+ 37. Ne4+ Kb6 38. Kd4 Be6 39. Nc5 Bf5 40. Nd3 Be6 41. Nxf4 c5+ 42. Ke3 1-0

[Event "Early-Titled-Tuesday-Blitz-August-29-2023"]
[Site "Chess.com"]
[Date "2023.08.29"]
[Round "7"]
[White "Zhigalko_Sergei"]
[Black "Witik"]
[Result "1-0"]
[WhiteElo "2942"]
[BlackElo "2797"]
[TimeControl "180+1"]
[EndTime "9:16:30 PDT"]
[Termination "Zhigalko_Sergei won on time"]

1. e4 e5 2. Nf3 Nc6 3. Bc4 Nf6 4. d3 Bc5 5. O-O d6 6. c3 a6 7. Bb3 b5 8. Nbd2 O-O 9. h3 Bb6 10. Re1 Ne7 11. Nf1 Ng6 12. Ng3 Re8 13. d4 Bb7 14. Ng5 Rf8 15. Bc2 h6 16. Nf3 c5 17. d5 c4 18. Nf5 Bc8 19. g4 Nf4 20. Bxf4 exf4 21. Qd2 Bxf5 22. exf5 Qc7 23. Qxf4 Nxd5 24. Qg3 Nf6 25.
h4 Qc5 26. Nd4 Rfe8 27. g5 hxg5 28. hxg5 Nd5 29. f6 Re5 30. Qh4 1-0

[Event "Early-Titled-Tuesday-Blitz-August-29-2023"]
[Site "Chess.com"]
[Date "2023.08.29"]
[Round "7"]
[White "Vuk2000"]
[Black "AndreiITrifan"]
[Result "1-0"]
[WhiteElo "2747"]
[BlackElo "2573"]
[TimeControl "180+1"]
[EndTime "9:16:30 PDT"]
[Termination "Vuk2000 won on time"]

1. d4 Nf6 2. Bg5 e6 3. e4 h6 4.
Bxf6 Qxf6 5. c3 d6 6. Bd3 Nd7 7. Ne2 Be7 8. O-O e5 9. f4 exd4 10. cxd4 O-O 11. Nbc3 Nb6 12. e5 dxe5 13. fxe5 Qc6 14.
Be4 Qc4 15. b3 Qa6 16. Nf4 c6 17. Qf3 Bg5 18. Nd3 Be7 19. Rad1 Be6 20. Nf4 Bd7 21. Bd3 Qa5 22. Qe4 f5 23. exf6 Bxf6 24. Qh7+ Kf7 25.
Rde1 Rg8 26. Bg6+ Kf8 27. Ne4 1-0

[Event "Early-Titled-Tuesday-Blitz-August-29-2023"]
[Site "Chess.com"]
[Date "2023.08.29"]
[Round "7"]
[White "mbojan"]
[Black "vi_pranav"]
[Result "0-1"]
[WhiteElo "2883"]
[BlackElo "2996"]
[TimeControl "180+1"]
[EndTime "9:16:32 PDT"]
[Termination "vi_pranav won on time"]

1. Nf3 Nf6 2. g3 d5 3. Bg2 c6 4. O-O Bf5 5. c4 Nbd7 6. d3 e6 7. Qb3 Qc7 8. cxd5 exd5 9. Bf4 Qb6 10. Qc2 Be7 11. Nc3 Nc5 12. Be3 Qd8 13. b4 Ne6 14.
Nd4 Bg6 15. Nxe6 fxe6 16. Bc5 O-O 17. Bxe7 Qxe7 18. Rab1 h5 19. b5 c5 20. b6 a6 21. e4 Rad8 22. Rfe1 Qf7 23. h3 c4 24. dxc4 dxe4 25. Nxe4 Rd4 26. f3 h4 27. gxh4 Nh5 28. Rbd1 Rxd1 29. Rxd1 Nf4 30. Kh2 Qe7 31. Qf2 Bxe4 32. fxe4 Nh5 33. Bf3 Qf6 34. Rd3 Qe5+ 35. Kg1 Nf4 0-1